Map: Port Aleksander LE

Players

FOX

  • Race: Terran Terran
  • League: Diamond
  • Spawn Location: 11:00

RexRequired - Winner!

  • Race: Zerg Zerg
  • Spawn Location: 5:00

VOD

Have the link to the VOD?

Description

Time

  • Played on: May 8, 2019, 12:42 a.m.
  • Length: 16:33
Show
View Real Time Build Order
Export as new Build Order

FOX Terran 

Build Orders: Liberator Opening, Reaper Expand 

Get SALT Encoding   

  12  0:00  SCV  
  13  0:13  SCV  
  14  0:18  Supply Depot  
  14  0:25  SCV  
  15  0:39  SCV  
  15  0:41  Barracks  
  16  0:48  Refinery  
  16  0:51  SCV  
  17  1:03  SCV  
  18  1:16  SCV  
  19  1:28  Orbital Command  
  19  1:30  Reaper  
  20  1:42  Command Center  
  20  1:56  Supply Depot  
  20  1:58  SCV  
  21  2:02  Marine  
  22  2:10  SCV, Factory  
  22  2:14  Refinery  
  23  2:22  SCV  
  23  2:25  Barracks Reactor  
  24  2:35  SCV  
  25  2:47  SCV  
  26  2:54  Orbital Command  
  26  2:59  SCV, Starport  
  27  3:11  SCV, Barracks Tech Lab  
  28  3:14  Hellion x2  
  32  3:21  SCV  
  32  3:23  SCV  
  34  3:29  Supply Depot  
  34  3:34  SCV  
  35  3:35  Hellion  
  35  3:36  Hellion  
  39  3:42  Viking  
  39  3:43  SCV  
  39  3:46  SCV  
  43  3:54  Supply Depot  
  44  3:55  SCV, Liberator  
  44  3:56  Barracks Tech Lab  
  44  3:58  SCV, Hellion x2  
  49  4:08  SCV  
  50  4:10  SCV  
  50  4:17  Stimpack, Marine  
  54  4:20  SCV  
  54  4:22  SCV  
  57  4:25  Command Center  
  57  4:32  SCV  
  57  4:34  SCV  
  59  4:46  Barracks x2  
  59  4:47  Marine  
  59  4:50  Engineering Bay x2  
  59  4:52  SCV, Refinery  
  61  4:54  SCV, Factory Tech Lab  
  61  4:55  Refinery  
  62  5:01  Supply Depot  
  62  5:17  Terran Infantry Weapons Level 1, Terran Infantry Armor Level 1  
  62  5:22  Marine  
  62  5:23  SCV x2  
  65  5:33  Siege Tank  
  65  5:35  SCV  
  70  5:37  SCV  
  71  5:44  Barracks Reactor x2  
  71  5:46  Marine  
  71  5:47  Orbital Command, SCV  
  71  5:49  SCV  
  73  5:57  Starport Reactor  
  73  5:59  SCV  
  73  6:01  SCV  
  73  6:03  Barracks  
  75  6:05  Barracks  
  75  6:06  Armory  
  75  6:11  SCV  
  75  6:13  SCV  
  75  6:15  Siege Tank  
  75  6:16  Orbital Command  
  75  6:18  Marine, Combat Shield  
  80  6:23  SCV, Supply Depot  
  80  6:24  Supply Depot  
  80  6:25  SCV, Supply Depot  
  83  6:28  Marine x2  
  85  6:45  SCV x2, Marine x2, Medivac  
  85  6:46  Medivac, Marine  
  97  6:47  Marine x2, Siege Tank  
  99  6:57  SCV x2  
  99  6:59  Supply Depot  
  98  7:01  SCV, Supply Depot x2  
  98  7:06  Marine x5  
  104  7:09  SCV x2  
  104  7:11  Terran Infantry Weapons Level 2, Terran Infantry Armor Level 2  
  104  7:13  SCV  
  104  7:15  Terran Vehicle Weapons Level 1  
  107  7:21  SCV x2  
  109  7:25  Barracks Reactor x2  
  109  7:26  SCV, Marine x5  
  115  7:33  SCV x2  
  117  7:38  SCV  
  117  7:40  Siege Tank  
  117  7:43  Marine x2  
  117  7:44  Marine  
  124  7:45  SCV  
  124  7:46  SCV  
  124  7:50  SCV  
  114  7:51  Marine x2  
  114  7:55  Refinery  
  114  7:56  Refinery  
  116  8:00  Supply Depot  
  116  8:01  Marine x3, Supply Depot  
  116  8:03  Supply Depot  
  119  8:09  Marine x2  
  119  8:10  Marine x3  
  119  8:11  Command Center, Marine  
  119  8:12  Siege Tank  
  128  8:19  Marine  
  129  8:27  Marine x4  
  129  8:28  Marine x4  
  129  8:30  Medivac x2  
  129  8:33  Supply Depot  
  141  8:36  Supply Depot  
  141  8:38  Supply Depot  
  141  8:44  Siege Tank  
  141  8:45  Marine x6  
  142  8:50  Marine x3  
  145  9:03  Marine x3  
  145  9:05  Marine x3  
  145  9:08  Marine x3  
  154  9:16  Siege Tank  
  157  9:20  Marine  
  157  9:21  Marine x2  
  157  9:23  Marine x3  
  163  9:26  Marine x3  
  131  9:38  Marine  
  131  9:39  Marine x2  
  131  9:41  Marine x3  
  131  9:43  Marine x2  
  131  9:44  Marine  
  125  9:56  Marine x3  
  125  9:58  Marine x2  
  125  9:59  Marine  
  130  10:01  Marine x3  
  130  10:02  Siege Tank  
  131  10:14  Marine x3  
  131  10:16  Marine x3  
  131  10:19  Terran Infantry Armor Level 3, Marine x3  
  111  10:32  Marine x3  
  111  10:34  Marine x3  
  108  10:37  Marine x3  
  111  10:45  Terran Infantry Weapons Level 3, Terran Vehicle Weapons Level 2  
  111  10:48  Factory  
  111  10:49  Marine  
  111  10:50  Marine x2  
  111  10:51  Siege Tank  
  111  10:52  Marine x2  
  111  10:53  Marauder  
  111  10:55  Marine x3  
  124  11:01  Medivac x2  
  128  11:06  SCV x2  
  128  11:07  Marine  
  128  11:08  Marine x2  
  128  11:10  Marine x2  
  135  11:12  Marine x2  
  135  11:14  Marauder  
  134  11:18  Marine  
  134  11:23  Siege Tank  
  134  11:25  Starport, Marine x3  
  138  11:26  Starport  
  138  11:27  Marine x2  
  138  11:29  Fusion Core  
  138  11:30  Marine x2  
  138  11:32  Planetary Fortress  
  145  11:44  Marine  
  145  11:45  Marine x4  
  150  11:51  Factory Tech Lab  
  150  11:55  Medivac x2  
  157  12:03  Starport Tech Lab, Starport Reactor  
  157  12:10  Refinery x2  
  157  12:16  Marine  
  157  12:17  Marine x4, Thor  
  157  12:20  Thor  
  171  12:25  Viking x2  
  175  12:35  Advanced Ballistics  
  175  12:36  Viking, Ghost Academy  
  177  12:40  Viking x2  
  181  12:48  Marine x4  
  185  12:55  Viking x2  
  186  13:06  Viking  
  186  13:09  Thor  
  194  13:22  Marauder  
  194  13:27  Marine  
  191  13:40  Command Center  
  189  13:49  Supply Depot  
  189  13:51  Supply Depot  
  189  13:53  Supply Depot  
  189  14:12  Marine  
  189  14:13  Marauder  
  192  14:18  Thor  
  198  14:30  Liberator x2  
  192  14:34  Marauder  
  193  14:44  Command Center  
  193  14:47  Command Center  
  193  14:50  Barracks  
  193  14:51  Barracks x2  
  193  14:52  Barracks  
  199  15:01  Marine  
  199  15:08  Liberator x3  
  199  15:13  Marine x2, Liberator x2, Marauder  
  199  15:14  Marine  
  150  15:35  Marauder  
  158  15:37  Barracks Tech Lab  
  158  15:38  Barracks Tech Lab  
  158  15:41  Barracks Tech Lab  
  157  15:56  SCV x3  
Show
View Real Time Build Order
Export as new Build Order

RexRequired Zerg - Winner!

Build Orders: Hatch First 

Get SALT Encoding   

  12  0:01  Drone  
  13  0:13  Overlord  
  13  0:18  Drone  
  14  0:33  Drone x2  
  16  0:49  Hatchery  
  15  0:54  Drone  
  16  0:57  Drone  
  16  1:00  Drone  
  18  1:12  Extractor  
  18  1:17  Spawning Pool  
  16  1:20  Drone  
  16  1:22  Drone  
  18  1:29  Drone  
  19  1:48  Drone  
  19  1:52  Overlord  
  20  2:03  Queen  
  20  2:04  Queen, Zergling x4  
  26  2:12  Drone  
  26  2:13  Drone  
  28  2:16  Metabolic Boost  
  28  2:23  Drone x2  
  30  2:39  Queen  
  30  2:43  Overlord  
  32  2:44  Drone  
  32  2:45  Drone  
  34  2:54  Drone  
  34  2:55  Drone  
  36  3:08  Drone x2, Hatchery  
  36  3:10  Drone  
  38  3:15  Queen  
  40  3:21  Overlord  
  40  3:26  Drone x3  
  40  3:27  Drone  
  44  3:38  Overlord  
  44  3:39  Overlord  
  44  3:41  Drone  
  45  3:51  Lair  
  45  3:52  Zergling x2  
  45  3:53  Zergling x8  
  45  3:54  Queen  
  52  4:03  Drone x2  
  52  4:04  Drone  
  55  4:12  Drone  
  56  4:19  Drone  
  56  4:20  Baneling Nest  
  56  4:21  Drone x2, Queen  
  60  4:25  Drone  
  60  4:26  Drone x2  
  60  4:28  Drone x2  
  60  4:29  Drone x2  
  67  4:32  Spore Crawler  
  67  4:34  Spore Crawler  
  67  4:35  Spore Crawler  
  67  4:38  Queen  
  64  4:41  Overlord  
  64  4:44  Overlord  
  66  4:47  Overlord  
  66  4:57  Overlord  
  66  5:03  Drone x6  
  66  5:06  Extractor  
  71  5:07  Extractor  
  71  5:08  Extractor  
  71  5:09  Extractor  
  71  5:10  Evolution Chamber  
  71  5:11  Drone, Evolution Chamber  
  71  5:12  Drone x3  
  70  5:15  Queen  
  71  5:31  Drone  
  71  5:32  Drone x8  
  78  5:40  Drone x4  
  78  5:42  Drone x2  
  84  5:54  Zerg Melee Weapons Level 1, Zerg Ground Armor Level 1  
  84  5:59  Drone  
  84  6:00  Drone  
  84  6:02  Drone  
  87  6:07  Centrifical Hooks  
  87  6:10  Drone  
  88  6:15  Drone  
  88  6:18  Drone  
  90  6:19  Hatchery, Hydralisk Den  
  90  6:21  Zergling x2  
  90  6:22  Zergling x2  
  90  6:23  Overlord x2  
  90  6:24  Hatchery  
  89  6:28  Overlord x2  
  89  6:43  Zergling x2  
  89  6:44  Zergling x20  
  100  7:04  Zergling x14  
  100  7:06  Baneling x5  
  107  7:20  Grooved Spines, Drone  
  107  7:21  Overlord, Infestation Pit  
  107  7:22  Overlord  
  107  7:23  Drone x4  
  107  7:24  Drone x2  
  107  7:25  Drone  
  114  7:36  Zergling x10  
  119  7:42  Overlord  
  119  7:51  Overlord  
  118  7:54  Drone x4  
  118  7:58  Zergling x14  
  123  7:59  Zergling x6  
  123  8:00  Baneling x4  
  123  8:01  Baneling x5  
  123  8:02  Zerg Melee Weapons Level 2, Zerg Ground Armor Level 2  
  123  8:03  Hive  
  123  8:04  Drone  
  133  8:06  Spire  
  132  8:25  Zergling x8  
  132  8:26  Zergling x24  
  148  8:31  Muscular Augments  
  148  8:32  Extractor  
  147  8:35  Overlord  
  141  8:52  Overlord x2  
  141  8:53  Overlord, Extractor x2, Hydralisk  
  141  8:54  Hydralisk x6  
  141  8:55  Hydralisk x5  
  163  9:02  Spore Crawler  
  162  9:07  Baneling x4  
  162  9:09  Baneling x2  
  162  9:11  Hydralisk x3  
  162  9:12  Hydralisk x4  
  162  9:14  Overlord  
  162  9:16  Overlord  
  176  9:17  Overlord  
  156  9:38  Zergling x34  
  136  9:39  Zergling x2  
  133  9:49  Zergling x10  
  133  9:50  Zergling x4  
  140  9:58  Greater Spire  
  124  10:04  Baneling x2  
  124  10:05  Baneling x6  
  114  10:08  Zergling x16  
  118  10:20  Drone x5, Ultralisk Cavern  
  106  10:31  Zergling x26  
  119  10:40  Queen x2  
  119  10:41  Queen  
  125  10:51  Baneling  
  125  10:52  Baneling x6  
  124  11:11  Chitinous Plating  
  124  11:14  Zergling x36  
  124  11:15  Zergling x4  
  143  11:19  Baneling x2  
  143  11:20  Baneling x2  
  143  11:36  Pathogen Glands  
  143  11:38  Zerg Ground Armor Level 3, Zerg Melee Weapons Level 3  
  143  12:00  Ultralisk x2  
  143  12:01  Ultralisk  
  161  12:03  Baneling x3  
  161  12:04  Baneling x5  
  161  12:08  Hatchery  
  161  12:14  Ultralisk x2  
  172  12:18  Overseer x2  
  172  12:30  Anabolic Synthesis  
  172  12:35  Zergling x20  
  172  12:36  Overlord x4  
  182  12:38  Overseer  
  182  12:39  Overseer  
  182  12:40  Overseer  
  181  12:59  Ultralisk x3  
  199  13:15  Spore Crawler  
  198  13:25  Corruptor x2  
  197  13:27  Ultralisk Cavern  
  197  13:34  Baneling Nest  
  190  13:37  Queen  
  192  13:44  Drone x2  
  192  13:45  Drone, Spore Crawler  
  192  13:46  Spore Crawler  
  192  13:48  Spore Crawler  
  192  13:49  Spore Crawler x2  
  192  13:50  Corruptor x4  
  193  14:15  Zergling x14  
  200  14:24  Hatchery  
  198  14:45  Baneling x2  
  198  14:46  Baneling x5  
  198  14:47  Baneling  
  198  14:48  Baneling x5  
  198  15:00  Spire  
  152  15:22  Brood Lord x3  
  152  15:23  Brood Lord x3, Corruptor x9  
  152  15:24  Infestor  
  152  15:26  Infestor  
  186  15:34  Zergling x2  
  186  15:35  Zergling x10  
  192  15:43  Extractor  
  192  15:47  Extractor  
  189  15:52  Infestor  
  189  15:53  Infestor x3  
  189  15:55  Corruptor  
  199  16:19  Overseer x2  
  199  16:20  Overseer  
  199  16:21  Overseer  
Tags
 
Add a new tag
Caveats
  • Supply blocks, unpowered buildings, or Contaminate may cause inaccurate times.
  • Supply counts are checked every 10 seconds.